 Dungeon Crawl Stone Soup version 0.18.1-48-g4cf74bf (webtiles) character file.

233 HEYYEYAAE the Chiller (level 5, 0/41 HPs)
             Began as a Draconian Ice Elementalist on Sept 2, 2016.
             Slain by an orc wizard
             ... wielding a +0 dagger
              (2 damage)
             ... on level 4 of the Dungeon.
             The game lasted 00:06:45 (3620 turns).

HEYYEYAAE the Chiller (Draconian Ice Elementalist)  Turns: 3620, Time: 00:06:46

Health: 0/41       AC:  5    Str: 10    XL:     5   Next: 74%
Magic:  8/10       EV: 12    Int: 19    God:
Gold:   101        SH:  0    Dex: 11    Spells: 1 memorised, 9 levels left

rFire  . . .     SeeInvis .     v - +4 quarterstaff (chaos)
rCold  . . .     Gourm    .     (armour unavailable)
rNeg   . . .     Faith    .     (shield currently unavailable)
rPois  .         Spirit   .     (helmet restricted)
rElec  .         Dismiss  .     (no cloak)
rCorr  .         Reflect  .     (no gloves)
SustAt .         Harm     .     (no boots)
MR     .....                    (no amulet)
Stlth  ++........               (no ring)
                                m - +2 ring of intelligence

@: very slightly contaminated, not resistant to hostile enchantments, unstealthy
A: unfitting armour, cold-blooded, AC +5
a: no special abilities


You were on level 4 of the Dungeon.
You were very hungry.

You visited 1 branch of the dungeon, and saw 4 of its levels.

You collected 101 gold pieces.

Inventory:

Hand Weapons
 h - a +0 dagger of speed
 l - a +0 hunting sling
 t - a cursed +0 mace
 v - a +4 quarterstaff of chaos (weapon)
Missiles
 d - 131 stones (quivered)
 g - 19 poisoned needles
 n - 32 sling bullets
Armour
 w - a +0 cloak
Jewellery
 m - a +2 ring of intelligence (left hand)
 y - an uncursed ring of fire {unknown}
Scrolls
 s - a scroll of amnesia
Potions
 e - a potion of flight
Books
 a - a book of Frost

   Spells                             Type                      Level
   a - Freeze                         Ice                          1
   b - Throw Frost                    Conjuration/Ice              2
   c - Ozocubu's Armour               Charms/Ice                   3
   d - Throw Icicle                   Conjuration/Ice              4
   e - Summon Ice Beast               Ice/Summoning                4
Comestibles
 b - 4 bread rations
 f - 2 meat rations


   Skills:
 + Level 2.0 Fighting
 + Level 2.8 Dodging
 - Level 1.7 Stealth
 * Level 3.4 Spellcasting
   Level 1.0 Conjurations
 * Level 4.6 Ice Magic


You had 9 spell levels left.
You knew the following spells:

 Your Spells              Type           Power        Failure   Level  Hunger
a - Freeze                Ice            ###.         1%          1    None


Dungeon Overview and Level Annotations

Branches:
Dungeon (4/15)
 Temple: D:4-7

Altars:
Makhleb
Zin

Annotations:
D:4 Menkaure


Innate Abilities, Weirdness & Mutations

Your plain brown scales are hard (AC +5).
Your body does not fit into most forms of armour.
You are cold-blooded and may be slowed by cold attacks.


Message History

Unknown command.
Casting: Freeze
Confirm with . or Enter, or press ? or * to list all spells.
Aiming: Freeze
Press: ? - help, Shift-Dir - straight line, f - orc wizard
Aim: an orc wizard, wielding a dagger and wearing a robe (fast)
You freeze the orc wizard.
The orc wizard is heavily wounded.
You are feeling very hungry.
The orc wizard hits you but does no damage.
Unknown command.
Casting: Freeze
Confirm with . or Enter, or press ? or * to list all spells.
Aiming: Freeze
Press: ? - help, Shift-Dir - straight line, f/p - orc wizard
Aim: an orc wizard, wielding a dagger and wearing a robe (heavily wounded, fast)
You freeze the orc wizard.
The orc wizard is almost dead.
The orc wizard hits you with a dagger.
You die...

####o.......o.####
#%.#o.........+
#..#..........#
#..#.[........#
#..#..........#
##..##§§..##+###
#....#§§§.#
#...#o§§.#
..##..@#o§§.#
#......ooo...#
#.......#....+
#..####+#....# ###
...### ...+ ...#
....# .$#


You could see 2 orc wizards and an orc.

Vanquished Creatures
  Crazy Yiuf (D:3)
  An orc wizard (D:3)
  4 gnolls (D:3)
  5 adders
  4 worms
  A dart slug (D:3)
  6 giant geckos
  9 orcs
  7 giant cockroaches
  5 hobgoblins
  9 kobolds
  A ball python (D:1)
  6 bats
  A giant newt (D:2)
  5 goblins
  6 rats
71 creatures vanquished.

Vanquished Creatures (others)
  A bush (D:1)
1 creature vanquished.

Grand Total: 72 creatures vanquished

Notes
Turn   | Place    | Note
--------------------------------------------------------------
     0 | D:1      | HEYYEYAAE the Draconian Ice Elementalist began the quest for the Orb.
     0 | D:1      | Reached XP level 1. HP: 14/14 MP: 3/3
   361 | D:1      | Reached XP level 2. HP: 15/20 MP: 5/5
  1288 | D:1      | Reached skill level 1 in Fighting
  1288 | D:1      | Reached XP level 3. HP: 10/28 MP: 1/6
  1979 | D:3      | Reached XP level 4. HP: 35/35 MP: 8/8
  2101 | D:3      | Reached skill level 4 in Ice Magic
  2531 | D:3      | Noticed Crazy Yiuf
  2540 | D:3      | Killed Crazy Yiuf
  2540 | D:3      | Reached XP level 5. HP: 27/40 MP: 3/9
  2697 | D:3      | Found a burning altar of Makhleb.
  2697 | D:3      | Found a glowing silver altar of Zin.
  2698 | D:3      | Noticed an angel
  2698 | D:3      | Noticed a balrug
  2744 | D:3      | HP: 2/40 [poisoned by an adder]
  3583 | D:4      | Noticed Menkaure
  3618 | D:4      | HP: 2/41 [orc wizard/magic dart (7)]
  3620 | D:4      | Slain by an orc wizard

Skill      XL: |  1  2  3  4  5 |
---------------+----------------+-----
Dodging        | 2 |  2.8
Fighting       | 1 2 |  2.0
Ice Magic      | 4 |  4.6
Spellcasting   | 3 |  3.4
Stealth        | |  1.7
Conjurations   | |  1.0

Action                   |  1- 3 |  4- 6 || total
-------------------------+-------+-------++-------
Melee: Unarmed           |    60 |       ||    60
       Dagger            |   125 |       ||   125
       Tailslap          |    14 |       ||    14
       Quarterstaff      |       |     1 ||     1
 Fire: Hunting sling     |    57 |   114 ||   171
 Cast: Freeze            |    20 |    19 ||    39
  Use: Scroll            |       |    10 ||    10
       Potion            |       |     4 ||     4
  Eat: Chunk             |     3 |     5 ||     8
Armor: Skin              |    80 |    10 ||    90
Dodge: Dodged            |   175 |    27 ||   202
